 Dungeon Crawl Stone Soup version 0.23-a0-539-g3f6f39f (webtiles) character file.

1087 CougarLife the Shield-Bearer (level 8, -10/60 HPs)
             Began as a Formicid Fighter on Dec 7, 2018.
             Killed by divine providence
             ... invoked by an orc priest
              (13 damage)
             ... on level 5 of the Dungeon.
             The game lasted 00:07:00 (4838 turns).

CougarLife the Shield-Bearer (Formicid Fighter)     Turns: 4838, Time: 00:07:01

Health: -10/60     AC:  9    Str: 23    XL:     8   Next: 56%
Magic:  8/8        EV:  8    Int:  8    God:
Gold:   196        SH: 10    Dex: 10    Spells: 7/7 levels left

rFire    . . .     SeeInvis +   x - +0 battleaxe
rCold    . . .     Gourm    .   c - +0 shield
rNeg     . . .     Faith    .   b - +0 scale mail
rPois    .         Spirit   .   (helmet unavailable)
rElec    .         Reflect  .   y - +0 cloak
rCorr    .         Harm     .   (no gloves)
MR       .....                  A - +0 pair of boots
Stlth    ..........             (no amulet)
HPRegen  0.20/turn              (no ring)
MPRegen  0.11/turn              (no ring)

@: drained
A: permanent stasis, dig shafts and tunnels, four strong arms, antennae 3
a: Dig, Shaft Self


You were on level 5 of the Dungeon.
You were hungry.

You visited 1 branch of the dungeon, and saw 5 of its levels.
You also visited: Ossuary.

You collected 196 gold pieces.

Inventory:

Hand Weapons
 a - a +0 war axe
 s - a +1 scythe of freezing
 x - a +0 battleaxe (weapon)
Armour
 b - a +0 scale mail (worn)
 c - a +0 shield (worn)
 y - a +0 cloak (worn)
 A - a +0 pair of boots (worn)
Wands
 d - a wand of flame (15)
 w - a wand of enslavement (12)
 z - a wand of polymorph (10)
Scrolls
 e - 2 scrolls of remove curse
 i - a scroll of amnesia {unknown}
 j - 2 scrolls of identify
 k - 3 scrolls of fog
 m - a scroll of enchant weapon {unknown}
 n - 3 scrolls of magic mapping
 o - a scroll of random uselessness {unknown}
 p - 2 scrolls of teleportation
 u - a scroll of noise {unknown}
 v - 2 scrolls of fear {unknown}
 B - a scroll of enchant armour {unknown}
Potions
 g - a potion of agility {unknown}
 h - a potion of curing {unknown}
 l - 2 potions of degeneration {unknown}
 q - a potion of flight {unknown}
 r - 4 potions of heal wounds {unknown}
 t - 3 potions of mutation {unknown}
 C - a potion of haste {unknown}
 D - 2 potions of experience {unknown}
Comestibles
 f - 11 rations


   Skills:
 - Level 4.0(3.8) Fighting
 - Level 6.0(6.7) Axes
 - Level 5.3(6.4) Polearms
 - Level 4.0(3.8) Armour
 + Level 6.1(5.9) Shields


You had 7 spell levels left.
You didn't know any spells.
Your spell library was empty.

Dungeon Overview and Level Annotations

Branches:
Dungeon (5/15)
 Temple: D:4-7

Altars:
Ashenzari

Shops:
D:5 %


Innate Abilities, Weirdness & Mutations

You cannot be hasted, slowed, berserked, paralysed or teleported.
You can dig through walls and to a lower floor.
Your four strong arms can wield two-handed weapons with a shield.
You have a pair of large antennae on your head. (SInv)


Message History

Your stasis prevents you from being slowed.
You slash the gnoll!
The gnoll is almost dead.
The gnoll hits you with a +1 dagger of chaos.
You feel drained.
The gnoll hits you with a +1 dagger of chaos.
Space bends around you.
Unknown command.
You closely miss the gnoll.
The gnoll is almost dead.
The orc priest calls down the wrath of Beogh upon you.
Beogh smites you!
* * * LOW HITPOINT WARNING * * *
The gnoll barely misses you.
Unknown command.
You slash the gnoll!
You kill the gnoll!
The orc priest mumbles some strange prayers to Beogh against you.
Beogh smites you!
You die...

**,,,,,**,*,,,,
#......##,*,**,
#........,*,**,
#......#***,*** #......#
*,,,, #......# *****
#......#######
######......#.....#
#.o@........#.....#
#o###.##.##.#.....#
****#{#*####.##.#.....#
#.{#≈{{{..≈####.#>....#*
***#^#≈.#≈.≈#≈#**#<###.###*
*,,*#....##oo#[≈*#......# *
**,,#...⌠...o≈.≈*,#.###..#
*,*.g#...#..≈⌠.≈#*#.###..###
*≈..##≈##≈.*.#.#≈,#.#.......


You could see an orc priest and an orc.

Vanquished Creatures
  Sigmund (D:3)
  Menkaure (D:5)
  Edmund (D:4)
  A sky beast (D:3)
  An ogre (D:4)
  An elf zombie (Ossuary)
  A water moccasin skeleton (D:5)
  A scorpion (D:5)
  A centaur zombie (Ossuary)
  A human zombie (Ossuary)
  Crazy Yiuf (D:3)
  A centaur skeleton (D:4)
  An iguana (D:4)
  A big kobold zombie (Ossuary)
  2 mummies (Ossuary)
  5 adders
  2 gnolls
  A howler monkey skeleton (D:4)
  An ooze (D:2)
  2 adder zombies (Ossuary)
  3 worms
  A dart slug (D:1)
  A leopard gecko (D:2)
  10 orcs
  3 bats
  5 giant cockroaches
  4 goblins
  6 hobgoblins
  4 jackals (D:5)
  A frilled lizard (D:4)
  A giant cockroach zombie (D:5)
  8 hobgoblin zombies (Ossuary)
  3 jackal zombies (Ossuary)
  3 kobolds
  10 kobold zombies (Ossuary)
  2 leopard gecko skeletons
  8 orc zombies (Ossuary)
  A quokka zombie (D:5)
  6 rats
  A rat zombie (Ossuary)
108 creatures vanquished.

Notes
Turn   | Place    | Note
-------+----------+-------------------------------------------
     0 | D:1      | CougarLife the Formicid Fighter began the quest for the
                  | Orb.
     0 | D:1      | Reached XP level 1. HP: 18/18 MP: 1/1
    94 | D:1      | Reached XP level 2. HP: 25/25 MP: 2/2
  1055 | D:2      | Reached XP level 3. HP: 20/30 MP: 3/3
  1320 | D:2      | Reached XP level 4. HP: 24/37 MP: 4/4
  2098 | D:3      | Noticed Sigmund
  2105 | D:3      | Killed Sigmund
  2105 | D:3      | Reached XP level 5. HP: 29/42 MP: 5/5
  2105 | D:3      | Reached XP level 6. HP: 33/48 MP: 6/6
  2301 | D:3      | Reached skill level 1 in Polearms
  2469 | D:3      | Noticed a sky beast
  2486 | D:3      | Killed a sky beast
  2956 | D:3      | Reached XP level 7. HP: 53/54 MP: 7/7
  2970 | D:3      | Found a runed door.
  3033 | D:3      | Noticed Crazy Yiuf
  3037 | D:3      | Killed Crazy Yiuf
  3208 | D:4      | Found a shattered altar of Ashenzari.
  3548 | D:4      | Noticed Edmund
  3560 | D:4      | Killed Edmund
  3560 | D:4      | Reached skill level 5 in Polearms
  3872 | D:5      | Entered Level 5 of the Dungeon
  3884 | D:5      | Noticed Menkaure
  3906 | D:5      | Killed Menkaure
  3906 | D:5      | Reached skill level 5 in Axes
  3906 | D:5      | Reached XP level 8. HP: 17/60 MP: 8/8
  4103 | D:5      | Found Mapi Hisy's Food Emporium.
  4176 | D:5      | Found a sand-covered staircase.
  4181 | Ossuary  | Entered an ossuary
  4362 | Ossuary  | Reached skill level 5 in Shields
  4837 | D:5      | HP: 3/60 [orc priest/divine providence (16)]
  4838 | D:5      | Killed from afar by an orc priest

Vault maps used:
D:1:      dpeg_arrival_tiny_a, serial_forest, infiniplex_forest_clump_curved,
          infiniplex_forest_end_3, infiniplex_forest_clump_tiny,
          infiniplex_forest_zigzag_2, infiniplex_forest_lined_room_3,
          infiniplex_forest_clump_curved, infiniplex_forest_end_double,
          infiniplex_forest_straight_2
D:3:      minmay_starry_boxes, uniq_sigmund, uniq_crazy_yiuf_cottage
D:4:      cheibrodos_ashenzari_chains, uniq_edmund
D:5:      serial_shops, kennysheep_mini, enter_ossuary_2, first_ration, tgw_xom,
          uniq_menkaure
Ossuary:  ossuary_tomb_1

Skill      XL: |  1  2  3  4  5  6  7  8 |
---------------+-------------------------+-----
Fighting       | 4 |  4.0
Armour         | 4 |  4.0
Shields        | 4 6 |  6.1
Axes           | 4 5 6 |  6.0
Polearms       | 2 5 |  5.3

Action                   |  1- 3 |  4- 6 |  7- 9 || total
-------------------------+-------+-------+-------++-------
Melee: War axe           |    64 |    26 |       ||    90
       Scythe            |       |    71 |    40 ||   111
       Battleaxe         |       |       |   150 ||   150
  Use: Potion            |       |     1 |     1 ||     2
       Scroll            |       |       |     6 ||     6
 Stab: Distracted        |       |     1 |       ||     1
  Eat: Chunk             |     1 |     6 |     2 ||     9
       Ration            |       |       |     1 ||     1
Armor: Scale mail        |    30 |    51 |    85 ||   166
Dodge: Dodged            |    15 |    38 |    53 ||   106
Block: Shield            |    37 |    55 |    83 ||   175

Table legend:
 A = Non-vault XP
 B = Vault XP
 C = Vault XP percentage of total XP
 D = Non-vault monster count
 E = Vault monster count
 F = Vault count percentage of total count
                 A         B        C        D         E       F
            +---------+---------+-------+---------+---------+-------
      Total |     646 |     908 |  58.4 |      60 |      48 |  44.4
            +---------+---------+-------+---------+---------+-------
        D:1 |      14 |       0 |   0.0 |       8 |       0 |   0.0
        D:2 |      66 |       0 |   0.0 |      13 |       0 |   0.0
        D:3 |     192 |     287 |  59.9 |      21 |       6 |  22.2
        D:4 |     229 |     157 |  40.7 |      10 |       1 |   9.1
        D:5 |     145 |     186 |  56.2 |       8 |       3 |  27.3
    Ossuary |       0 |     278 | 100.0 |       0 |      38 | 100.0
            +---------+---------+-------+---------+---------+-------
